 Dungeon Crawl Stone Soup version 0.27.0-1-g7a089689b8 (webtiles) character file.

Game seed: 7909619649193784351

99 Naeght the Poker (level 4, -8/33 HPs)
             Began as a Merfolk Gladiator on Aug 17, 2021.
             Engulfed by a cloud of flame (16 damage)
             ... in a sewer.
             The game lasted 00:05:11 (3121 turns).

Naeght the Poker (Merfolk Gladiator)                Turns: 3121, Time: 00:05:12

Health: -8/33      AC:  4    Str: 15    XL:     4   Next: 72%
Magic:  4/4        EV: 16    Int:  7    God:
Gold:   71         SH:  5    Dex: 15    Spells: 3/3 levels left

rFire    . . .     SeeInvis .   a - +0 trident
rCold    . . .     Faith    .   (no shield)
rNeg     . . .     Spirit   .   b - +0 leather armour
rPois    .         Reflect  +   c - +0 helmet
rElec    .         Harm     .   (no cloak)
rCorr    .         Rampage  .   (no gloves)
Will     .....                  (boots currently unavailable)
Stlth    ++........             g - amulet of reflection
HPRegen  0.11/turn              (no ring)
MPRegen  0.09/turn              (no ring)

@: very quick
A: nimble swimmer 2, mertail
a: no special abilities


You were in a sewer.
You visited 1 branch of the dungeon, and saw 3 of its levels.
You also visited: Sewer.

You collected 113 gold pieces.
You spent 42 gold pieces at shops.

Inventory:

Hand Weapons
 a - a +0 trident (weapon)
Missiles
 d - 3 throwing nets
 k - 12 poisoned darts (quivered)
 p - 5 boomerangs
Armour
 b - a +0 leather armour (worn)
 c - a +0 helmet (worn)
Jewellery
 g - an amulet of reflection (around neck)
Scrolls
 e - a scroll of noise
 f - a scroll of teleportation
 i - a scroll of identify {unknown}
 j - a scroll of enchant weapon {unknown}
 n - a scroll of fear {unknown}
Potions
 l - 2 potions of attraction {unknown}
 m - a potion of curing
 o - a potion of flight {unknown}


   Skills:
 - Level 2.1 Fighting
 * Level 7.7 Polearms
 - Level 2.0 Throwing
 - Level 4.0 Dodging


You had 3 spell levels left.
You didn't know any spells.
Your spell library contained the following spells:

 Spells                   Type           Power      Damage    Failure   Level
 Corpse Rot               Necr/Air       N/A        N/A       65%         2
 Poisonous Vapours        Pois/Air       0%         N/A       65%         2
 Ignite Poison            Fire/Tmut/Pois 0%         N/A       86%         3
 Mephitic Cloud           Conj/Pois/Air  0%         N/A       86%         3
 Bolt of Magma            Conj/Fire/Erth 0%         4d4       100%        5
 Freezing Cloud           Conj/Ice/Air   0%         6-21      100%        5


Dungeon Overview and Level Annotations

Branches:
Dungeon (3/15)              Sewer (1/1)

Altars:

Shops:
D:2 =*   D:3 =(


Innate Abilities, Weirdness & Mutations

You are quick and stealthy near water. (Stealth+, EV+, Speed+++)
Your lower body shifts to a powerful aquatic tail in water.


Message History

Found a gate leading back out of this place.
There is an empty arch of ancient stone here.
Okay, then.
As you read the scroll labelled MAXTALIREQ, it crumbles to dust.
The creatures around you are filled with an inner flame!
It was a scroll of immolation.
Okay, then.
Reach: a) +0 trident
Press: ? - help, Dir - move target, f - bat
Aim: a bat (inner flame, about 52% to evade your +0 trident)
You reach to attack!
You miss the bat. The bat barely misses you. The bat closely misses you.
The bat misses you. The endoplasm freezes you.
You are frozen.
The giant cockroach barely misses you.
You closely miss the bat. The bat closely misses you.
The bat hits you but does no damage. You block the endoplasm's attack.
You block the quokka's attack. The giant cockroach barely misses you.
The bat completely misses you. The giant cockroach barely misses you.
The bat hits you. The giant cockroach barely misses you.
The endoplasm freezes you.
You are frozen.
The bat completely misses you. The giant cockroach barely misses you.
Your legs become a tail as you enter the water.
You block the bat's attack. You block the bat's attack.
The bat closely misses you.
You reach to attack!
You barely miss the bat. The bat hits you but does no damage.
You reach to attack!
You barely miss the bat. The bat closely misses you.
You reach to attack!
You barely miss the bat. The bat hits you. x2
The bat misses you.
You closely miss the bat. The bat closely misses you.
A bat comes into view.
The bat misses you.
You puncture the bat!
The bat explodes!
The fiery explosion engulfs you!
* * * LOW HITPOINT WARNING * * *
You are engulfed in blazing flames.
You die...

#.≈≈#### ###. #≈
#≈≈≈≈≈.####... #≈
#≈≈≈≈≈......∩. #.≈
#≈≈≈≈w≈...w... #≈≈
#≈≈≈####.##... #≈≈≈
#≈≈J# #####..
###≈≈≈#####≈≈≈####
###
≈.≈≈.≈≈§§§≈≈≈r≈≈≈≈≈
b≈≈≈≈≈≈@§§≈≈≈≈≈≈≈≈≈
.≈≈.≈≈.§§§≈.B≈≈≈≈≈≈
###################


You could see an endoplasm (inner flame), a quokka (inner flame), a giant
cockroach (inner flame) and a bat (asleep).

Vanquished Creatures
  Jessica (D:2)
  Robin (D:2)
  An adder (D:2)
  A worm (D:2)
  4 ball pythons (D:1)
  3 bats
  An endoplasm (D:1)
  3 giant cockroaches
  12 goblins
  2 hobgoblins
  4 jackals (D:1)
  3 quokkas (D:1)
  3 frilled lizards (D:1)
  5 kobolds
  2 rats (D:3)
46 creatures vanquished.

Vanquished Creatures (others)
  9 withered plants (D:3)
9 creatures vanquished.

Grand Total: 55 creatures vanquished

Notes
Turn   | Place    | Note
-------+----------+-------------------------------------------
     0 | D:1      | Naeght the Merfolk Gladiator began the quest for the Orb.
     0 | D:1      | Reached XP level 1. HP: 16/16 MP: 1/1
   183 | D:1      | Reached skill level 5 in Polearms
   190 | D:1      | Reached XP level 2. HP: 13/22 MP: 2/2
  1485 | D:2      | Noticed Robin
  1490 | D:1      | Reached skill level 6 in Polearms
  1490 | D:1      | Reached XP level 3. HP: 23/27 MP: 3/3
  1918 | D:2      | Noticed Jessica
  1923 | D:2      | Killed Jessica
  1924 | D:2      | Reached skill level 7 in Polearms
  1924 | D:2      | Reached XP level 4. HP: 32/33 MP: 4/4
  2211 | D:2      | Found Miuqecvadgh's General Store.
  2219 | D:2      | Bought a potion of curing for 42 gold pieces
  2333 | D:2      | Killed Robin
  2470 | D:2      | Found Avuregis's Jewellery Boutique.
  2645 | D:3      | Found a faded altar of an unknown god.
  2677 | D:3      | Found Rozxuixy's Jewellery Boutique.
  2805 | D:3      | Found Kead's Antique Weapon Shop.
  3077 | D:3      | Found a glowing drain.
  3096 | Sewer    | Entered a sewer
  3121 | Sewer    | Engulfed by a cloud of flame

Illustrated notes

Levels and vault maps discovered:
D:1:      dpeg_arrival_rhombi, layout_basic
D:2:      layout_loops_corners, serial_shops, shop, shop, uniq_robin,
          uniq_jessica
D:3:      layout_basic, old_standard_altar, lemuel_zombie_altar_yredelemnul,
          cheibrodos_sewer_entry_drain, shapermc_ecumenical_altar_flowoftime,
          serial_shops, shop, shop, shop,
          nicolae_shop_temple_entry_statues_fountains
Sewer:    sewer_fruit_machine

Skill      XL: |  1  2  3 |
---------------+----------+-----
Polearms       | 5 6 7 |  7.7
Fighting       | |  2.1
Throwing       | |  2.0
Dodging        | |  4.0

Action                   |  1- 3 |  4- 6 || total
-------------------------+-------+-------++-------
Melee: Trident           |   115 |    67 ||   182
Throw: Dart              |       |     5 ||     5
  Use: Scroll            |       |     3 ||     3
Armor: Leather armour    |    24 |    14 ||    38
Dodge: Dodged            |    71 |    58 ||   129
Block: Other             |     4 |    25 ||    29
